 Dungeon Crawl Stone Soup version 0.32-a0-918-g0f22ef8d61 (webtiles) character file.

Game seed: 10651260974147085154

138 BigDaddyOpFi the Trooper (level 5, 0/33 HPs)
             Began as a Kobold Fighter on Apr 11, 2024.
             Was an Initiate of Okawaru.
             Slain by a killer bee (7 damage)
             ... on level 3 of the Dungeon.
             The game lasted 00:04:44 (3415 turns).

BigDaddyOpFi the Trooper (Kobold Fighter)           Turns: 3415, Time: 00:04:45

Health: 0/33       AC: 11    Str: 13    XL:     5   Next: 45%
Magic:  5/5        EV:  8    Int: 10    God:    Okawaru [......]
Gold:   98         SH:  0    Dex: 16    Spells: 4/4 levels left

rFire   + . .        a - +1 rapier
rCold   x . .        (no shield)
rNeg    . . .        q - +0 chain mail
rPois   .            (no helmet)
rElec   .            o - +1 cloak
rCorr   +            (no gloves)
SInv    .            (no boots)
Will    .....        (no amulet)
Stlth   +            j - ring of resist corrosion
HPRegen 0.25/turn    n - ring of fire
MPRegen 0.09/turn

%: no passive effects
@: lethally poisoned (0 -> -3)
A: small, no large weapons, nightstalker 3
a: Renounce Religion


You were on level 3 of the Dungeon.
You worshipped Okawaru.
Okawaru was noncommittal.
You visited 1 branch of the dungeon, and saw 4 of its levels.

You collected 98 gold pieces.

Inventory:

Hand Weapons
 a - a +1 rapier (weapon)
Armour
 c - a +0 buckler
 o - a +1 cloak (worn)
 q - a +0 chain mail (worn)
Jewellery
 j - a ring of resist corrosion (left hand)
 n - a ring of fire (right hand)
Scrolls
 b - a scroll of amnesia
 g - a scroll of summoning {unknown}
 h - 2 scrolls of vulnerability
 l - a scroll of fog {unknown}
 m - a scroll of identify
 r - 2 scrolls of teleportation
 s - a scroll of fear {unknown}
Potions
 d - a potion of might
 e - 2 potions of invisibility {unknown}
 f - a potion of curing
 i - 3 potions of degeneration {unknown}
 k - 3 potions of heal wounds {unknown}
 p - a potion of brilliance {unknown}


   Skills:
 + Level 3.8 Fighting
 + Level 3.8 Short Blades
 - Level 2.4 Armour
 + Level 3.0 Dodging
 * Level 3.5 Stealth
 - Level 2.4 Shields
 + Level 0.3 Invocations


You had 4 spell levels left.
You didn't know any spells.
Your spell library contained the following spells:

 Spells                   Type           Power      Damage    Failure   Level
 Scorch                   Fire           0%         2d5       100%        2
 Flame Wave               Conj/Fire      0%         2d4       100%        4
 Summon Cactus Giant      Summ           Unusable   N/A       N/A         6

Dungeon Overview and Level Annotations

Branches:
Dungeon (4/15)
 Temple: D:4-7

Altars:
Elyvilon
Okawaru
Sif Muna

Shops:
D:1 :   D:2 [


Innate Abilities, Weirdness & Mutations

You are small and have problems with some larger weapons.
You are completely attuned to the shadows.


Message History

You see here a +2 war axe of flaming.
The killer bee stings you.
The killer bee stings you but does no damage.
The killer bee stings you but does no damage.
The killer bee barely misses you.
An orc comes into view. It is wielding a +0 flail.
The killer bee stings you but does no damage.
The killer bee closely misses you. The killer bee misses you.
There is a stone staircase leading up here.
The killer bee stings you but does no damage. x2
The killer bee barely misses you. The killer bee stings you!
You climb upwards.
There is a stone staircase leading down here.
The killer bee barely misses you. The killer bee closely misses you.
The killer bee stings you but does no damage.
The killer bee closely misses you.
The killer bee stings you but does no damage.
The killer bee stings you.
The killer bee attacks as it pursues you!
The killer bee barely misses you.
The killer bee stings you but does no damage.
The killer bee barely misses you.
The killer bee attacks as it pursues you!
The killer bee stings you but does no damage. x2
The killer bee stings you but does no damage.
The killer bee stings you.
You are poisoned.
The killer bee poisons you!
The killer bee stings you but does no damage.
You feel sick.
You closely miss the killer bee.
You feel sick. The killer bee barely misses you. The killer bee stings you. x2
* * * LOW HITPOINT WARNING * * *
The killer bee closely misses you.
You hit the killer bee.
The killer bee is lightly wounded.
You feel sick.
The killer bee stings you but does no damage. x2
The killer bee stings you!
You die...

###### ### ###
#####.##.###.# #<#
#..........y@# #.#
##.##.##.###y####### #.#
#.##..............# #.#
#.##.##.#.#.#####.# #.#
#.##....#.#.....#.# #.#
#.#######.#.....#.###.# ###
#.........#.....#.....####..
#####.....#>.............##.
#.....#.....##.......#..


You could see 2 killer bees.

Vanquished Creatures
  Jessica (D:2)
  Terence (D:2)
  3 adders
  A dart slug (D:1)
  5 endoplasms
  3 giant cockroaches (D:1)
  5 goblins
  6 hobgoblins
  4 jackals (D:1)
  3 quokkas
  5 ball pythons
  3 bats
  A frilled lizard (D:3)
  6 kobolds
  8 rats
55 creatures vanquished.

Notes
Turn   | Place    | Note
-------+----------+-------------------------------------------
     0 | D:1      | BigDaddyOpFi the Kobold Fighter began the quest for the
                  | Orb.
     0 | D:1      | Reached XP level 1. HP: 14/14 MP: 1/1
   144 | D:1      | Found Vogohot's Book Emporium.
   183 | D:1      | Found a faded altar of an unknown god.
   351 | D:1      | Reached XP level 2. HP: 19/19 MP: 2/2
   365 | D:1      | Reached skill level 1 in Stealth
   542 | D:1      | Reached skill level 1 in Dodging
   650 | D:1      | Reached XP level 3. HP: 20/23 MP: 3/3
  1483 | D:2      | Noticed Jessica
  1487 | D:2      | Killed Jessica
  1488 | D:2      | Reached XP level 4. HP: 28/28 MP: 4/4
  1505 | D:2      | Noticed Terence
  1511 | D:2      | Killed Terence
  1583 | D:2      | Found an iron altar of Okawaru.
  1694 | D:2      | Became a worshipper of Warmaster Okawaru
  1826 | D:2      | Reached XP level 5. HP: 21/33 MP: 5/5
  2246 | D:2      | Found Keopn's Armour Shoppe.
  2528 | D:3      | Found a shimmering blue altar of Sif Muna.
  2715 | D:3      | Found a white marble altar of Elyvilon.
  3415 | D:3      | Slain by a killer bee

Illustrated notes

Levels and vault maps discovered:
D:1:      dreamdust_arrival_sigmund_warning, layout_basic,
          hellmonk_ecumenical_altar_run_dry, serial_shops, nicolae_square_shop,
          minmay_domino_4
D:2:      layout_basic, serial_shops, nicolae_diamond_shop, basic_altar,
          uniq_jessica, uniq_terence
D:3:      layout_basic, elyvilon_altar_1, nicolae_sif_muna_condensation,
          st_stairs_9
D:4:      layout_cave_pools, trog_three_pillars_becter, nicolae_take_the_stairs,
          amcnicky_mini_corridor_feature, minmay_misc_feat_alley

Skill      XL: |  1  2  3  4  5 |
---------------+----------------+-----
Short Blades   | 3 |  3.8
Stealth        | 1 2 3 |  3.5
Dodging        | 1 2 3 |  3.0
Fighting       | |  3.8
Armour         | |  2.4
Shields        | |  2.4
Invocations    | |  0.3

Action                     |  1- 3 |  4- 6 || total
---------------------------+-------+-------++-------
  Melee: Rapier            |    87 |    97 ||   184
    Use: Scroll            |     6 |       ||     6
         Potion            |       |     1 ||     1
   Stab: Sleeping          |     2 |     4 ||     6
 Armour: Scale mail        |    54 |    21 ||    75
         Chain mail        |       |    86 ||    86
  Dodge: Dodged            |    48 |    71 ||   119
  Block: Buckler           |     1 |       ||     1

Table legend: (Time is in decaauts)
 A = Elapsed time spent in this place.
 B = Non-inter-level travel time spent in this place.
 C = Inter-level travel time spent in this place.
 D = Time resting spent in this place.
 E = Time spent auto-exploring this place.
 F = Levels seen in this place.
 G = Mean time per level.
                   A        B        C        D        E       F      G
               +--------+--------+--------+--------+--------+-----+--------+
         Total |   3420 |   3338 |     82 |      0 |   2581 |   4 |  855.0 |
       Dungeon |   3420 |   3338 |     82 |      0 |   2581 |   4 |  855.0 |
               +--------+--------+--------+--------+--------+-----+--------+

Top non-repeatable levels by time:
     D:1: 1475 daAuts
     D:3: 1054 daAuts
     D:2: 879 daAuts
     D:4: 11 daAuts
